 Dungeon Crawl Stone Soup version 0.29-a0-360-g8ed1089bbe (webtiles) character file.

Game seed: 7465784535280834347

307 ytrimaz the Covert (level 6, -4/39 HPs)
             Began as an Octopode Brigand on Apr 28, 2022.
             Slain by Menkaure (22 damage)
             ... on level 4 of the Dungeon.
             The game lasted 00:04:28 (4312 turns).

ytrimaz the Covert (Octopode Brigand)               Turns: 4312, Time: 00:04:29

Health: -4/39      AC:  1    Str: 13    XL:     6   Next: 40%
Magic:  6/6        EV: 13    Int: 11    God:
Gold:   101        SH:  0    Dex: 18    Spells: 5/5 levels left

rFire   + . .      SeeInvis .   f - +2 rapier of the Endless Expanse {vorpal, rElec rF+ Str-3}
rCold   . . .      Faith    .   (no shield)
rNeg    . . .      Spirit   .   (helmet restricted)
rPois   .          Reflect  .   (no amulet)
rElec   +          Harm     .   j - ring of resist corrosion
rCorr   +          Rampage  .   k - +6 ring of strength
Will    .....                   (no ring)
Stlth   ++++++....              (no ring)
HPRegen 0.13/turn               (no ring)
MPRegen 0.10/turn               (no ring)
                                (no ring)
                                (no ring)

@: no status effects
A: almost no armour, amphibious, 8 rings, camouflage 1, gelatinous body 1,
(nimble swimmer 1), tentacles, agile 1, dopey 1
a: no special abilities


You were on level 4 of the Dungeon.
You visited 1 branch of the dungeon, and saw 4 of its levels.

You collected 101 gold pieces.

Inventory:

Hand Weapons
 a - a +2 dagger
 f - the +2 rapier of the Endless Expanse (weapon) {vorpal, rElec rF+ Str-3}
   (You found it on level 2 of the Dungeon)

   It inflicts extra damage upon your enemies.
   Str:       It affects your strength (-3).
   rF:        It protects you from fire.
   rElec:     It insulates you from electricity.
Missiles
 b - 18 poisoned darts (quivered)
 c - 3 curare-tipped darts
 i - 3 boomerangs
Jewellery
 j - a ring of resist corrosion (left tentacle)
 k - a +6 ring of strength (right tentacle)
 m - a ring of fire
Wands
 d - a wand of digging (4)
 n - a wand of iceblast (9)
 q - a wand of polymorph (12)
Scrolls
 g - 2 scrolls of identify
 h - 2 scrolls of fear
Potions
 e - a potion of mutation
 l - a potion of curing
 o - a potion of attraction {unknown}


   Skills:
 - Level 2.0 Fighting
 + Level 2.1 Short Blades
 - Level 2.0 Throwing
 - Level 1.0 Dodging
 * Level 10.4 Stealth


You had 5 spell levels left.
You didn't know any spells.
Your spell library contained the following spells:

 Spells                   Type           Power      Damage    Failure   Level
 Magic Dart               Conj           0%         1d3       34%         1
 Blink                    Tloc           0%         N/A       47%         2
 Call Imp                 Summ           0%         N/A       47%         2
 Lesser Beckoning         Tloc           0%         N/A       71%         3
 Mephitic Cloud           Conj/Pois/Air  0%         N/A       71%         3
 Manifold Assault         Tloc           0%         N/A       100%        5


Dungeon Overview and Level Annotations

Branches:
Dungeon (4/15)
 Temple: D:4-7

Altars:
Fedhas
Sif Muna
Vehumet
Xom

Shops:
D:4 *

Annotations:
D:4 1 runed translucent door, 1 exclusion, Crazy Yiuf, Ijyb, Menkaure, Pikel


Innate Abilities, Weirdness & Mutations

You cannot wear most types of armour.
You are amphibious.
You can wear up to eight rings at the same time.
Your skin changes colour to match your surroundings (Stealth+).
Your rubbery body absorbs attacks. (AC +1, EV +1)
((You are camouflaged when in or above water. (Stealth+)))
You have tentacles for arms and can constrict up to eight enemies at once.
You are agile. (Dex +2)
You are dopey. (Int -2)


Message History

Found an escape hatch in the ceiling.
There is an escape hatch in the ceiling here.
Found a shimmering blue altar of Sif Muna. 2 orc wizards come into view.
An orc wizard is wielding a +0 dagger of holy wrath.
Found Sif Muna's Almanac of Lightness.
Found an escape hatch in the floor.
There is a shimmering blue altar of Sif Muna here.
You close the door.
There is a shimmering blue altar of Sif Muna here.
You open the door.
There is an open door here.
There is an open door here.
You close the door.
You open the door.
There are monsters nearby!
There are monsters nearby!
There are monsters nearby!
Press: ? - help, v - describe, . - travel, g - get item Item here: Sif Muna's Almanac of Lightness.
An escape hatch in the floor.
You close the door.
There is a shimmering blue altar of Sif Muna here.
Press: ? - help, . - travel You can't see that place. [the floor.] Placed new exclusion.
Reduced exclusion size to a single square.
Removed exclusion.
Placed new exclusion.
A lemure is nearby!
A lemure is nearby!
A lemure is nearby!
Menkaure shouts!
Menkaure hits you!!
Ouch! That really hurt!
You hit Menkaure but do no damage. You grab Menkaure. You constrict Menkaure.
You hit Menkaure.
Menkaure is moderately damaged.
You constrict Menkaure. Menkaure hits you!!
Ouch! That really hurt!
You die...

......#..#####......##########..#
##'###+..'........>.............#
+...'.#..#.###......###########.#
#...#.#..#.# #..........# #.#
#._.#.'##')# #......###.# #.#
#...#.#..#.# ###.##.# #.# #.#
+...'.#..#.# #.##.# #.# #.#
##'###'.5'.# #M##.# #.# #.#
......#..#.#####@##.###.#######.#
.?....#..#..................#....
'## +###..........###.###.#####
#...........#............
#.).........#.##########.
#..........#### ####.....
##..........######..##.##.
............#o≈..#8..#.##. #
............#>≈..+._...##.


You could see Menkaure.

Vanquished Creatures
  3 lemures (D:4)
  A necrophage (D:4)
  A hound (D:4)
  2 orc priests (D:3)
  An orc wizard (D:3)
  4 adders
  3 worms
  2 dart slugs
  2 orcs
  9 endoplasms
  4 giant cockroaches
  11 goblins
  4 hobgoblins
  7 jackals
  3 quokkas
  7 ball pythons
  5 bats
  4 frilled lizards
  2 kobolds (D:1)
  4 rats
79 creatures vanquished.

Notes
Turn   | Place    | Note
-------+----------+-------------------------------------------
     0 | D:1      | ytrimaz the Octopode Brigand began the quest for the Orb.
     0 | D:1      | Reached XP level 1. HP: 14/14 MP: 1/1
   190 | D:1      | Reached XP level 2. HP: 19/19 MP: 2/2
   196 | D:1      | Reached skill level 6 in Stealth
   555 | D:1      | Reached XP level 3. HP: 17/24 MP: 3/3
   806 | D:1      | Reached skill level 7 in Stealth
  1545 | D:2      | Reached XP level 4. HP: 26/29 MP: 4/4
  1724 | D:2      | Identified the +2 rapier of the Endless Expanse {vorpal,
                  | rElec rF+ Str-3}
  2205 | D:3      | Found a faded altar of an unknown god.
  2321 | D:3      | Reached skill level 8 in Stealth
  2342 | D:3      | Reached XP level 5. HP: 10/34 MP: 5/5
  2342 | D:3      | Gained mutation: You are agile. (Dex +2) [potion of
                  | mutation]
  2342 | D:3      | Gained mutation: You are dopey. (Int -2) [potion of
                  | mutation]
  2346 | D:3      | Reached skill level 9 in Stealth
  3178 | D:4      | Found Ikoec's Serpentskin Sales.
  3314 | D:4      | Noticed a lemure
  3314 | D:4      | Noticed a lemure
  3315 | D:4      | Noticed Pikel
  3315 | D:4      | Noticed a lemure
  3315 | D:4      | Noticed a lemure
  3328 | D:4      | Killed a lemure
  3332 | D:4      | Killed a lemure
  3339 | D:4      | Killed a lemure
  3504 | D:4      | Noticed Ijyb
  3516 | D:4      | Noticed Menkaure
  3754 | D:4      | Found a shimmering altar of Xom.
  3786 | D:4      | Found a runed translucent door.
  3787 | D:4      | Noticed Crazy Yiuf
  3813 | D:4      | Reached XP level 6. HP: 39/39 MP: 6/6
  3821 | D:4      | Found a radiant altar of Vehumet.
  3827 | D:4      | Reached skill level 10 in Stealth
  4104 | D:4      | Found a blossoming altar of Fedhas.
  4264 | D:4      | Found a shimmering blue altar of Sif Muna.
  4312 | D:4      | Slain by Menkaure

Illustrated notes

Levels and vault maps discovered:
D:1:      dpeg_arrival_three_bigger_balls, layout_basic, minmay_split_cup_small
D:2:      layout_basic
D:3:      layout_loops_ring, hellmonk_ecumenical_altar_crossroads,
          nrook_mini_vaults
D:4:      layout_basic, led_sif_book, mainiacjoe_overflow_24_doors,
          mainiacjoe_overflow_catch_the_wave, guppyfry_shop_venom,
          uniq_menkaure, uniq_pikel, uniq_ijyb, uniq_crazy_yiuf_cottage,
          uniq_eustachio

Skill      XL: |  1  2  3  4  5  6 |
---------------+-------------------+-----
Stealth        | 6 7 8 9 10 | 10.4
Fighting       | |  2.0
Short Blades   | |  2.1
Throwing       | |  2.0
Dodging        | |  1.0

Action                   |  1- 3 |  4- 6 || total
-------------------------+-------+-------++-------
Melee: Dagger            |    73 |       ||    73
       Constrict         |    10 |    15 ||    25
       Tentacles         |     9 |    14 ||    23
       Rapier            |       |    75 ||    75
       Punch             |       |     1 ||     1
  Use: Scroll            |     5 |     3 ||     8
       Potion            |       |     3 ||     3
 Stab: Sleeping          |    21 |    15 ||    36
Armor: Skin              |     5 |     4 ||     9
Dodge: Dodged            |    29 |    36 ||    65

Table legend: (Time is in decaauts)
 A = Elapsed time spent in this place.
 B = Non-inter-level travel time spent in this place.
 C = Inter-level travel time spent in this place.
 D = Time resting spent in this place.
 E = Time spent auto-exploring this place.
 F = Levels seen in this place.
 G = Mean time per level.
                   A        B        C        D        E       F      G
               +--------+--------+--------+--------+--------+-----+--------+
         Total |   4293 |   4064 |    229 |    484 |   2849 |   4 | 1073.2 |
       Dungeon |   4293 |   4064 |    229 |    484 |   2849 |   4 | 1073.2 |
               +--------+--------+--------+--------+--------+-----+--------+

Top non-repeatable levels by time:
     D:1: 1358 daAuts
     D:4: 1149 daAuts
     D:3: 947 daAuts
     D:2: 838 daAuts
